TOP OF THE 1ST |
Miami Whales batting - Pitching for Cocoa Flyers : RHP Marty Mason
|
Pitching: RHP Marty Mason
|
|
Batting: SHB Ramon Alcantara
|
0-0: Ball 1-0: Ball 2-0: Foul Ball, location: 2F 2-1: Ball 3-1: Called Strike 3-2: Ground out 4-3 (Groundball, 34, EV 83.8 MPH)
|
Batting: RHB Donald Hubbard
|
0-0: Ball 1-0: Foul Ball, location: 2F 1-1: SOLO HOME RUN (Flyball, 7LD, EV 90.0 MPH), Distance : 348 ft
|
Batting: RHB Tom Grant
|
0-0: Called Strike 0-1: Ball 1-1: Fly out, F9 (Flyball, 9LD, EV 98.8 MPH)
|
Batting: LHB Lorenzo Bundy
|
0-0: Ball 1-0: Fly out, F2 (Popup, 13S, EV 78.1 MPH)
|
Top of the 1st over - 1 run, 1 hit, 0 errors, 0 left on base; Miami 1 - Cocoa 0 |
BOTTOM OF THE 1ST |
Cocoa Flyers batting - Pitching for Miami Whales : LHP David Wells
|
Pitching: LHP David Wells
|
|
Batting: RHB Danny Arroyo
|
0-0: Fly out, F8 (Flyball, 89D, EV 102.5 MPH)
|
Batting: RHB Lorenzo Quintanilla
|
0-0: Fly out, F9 (Flyball, 89S, EV 88.1 MPH)
|
Batting: RHB Larry McNutt
|
0-0: Ball 1-0: Hit by Pitch
|
Batting: RHB Johnny Salery
|
0-0: Ball Pickoff Throw to First - Out! 1-3
|
Bottom of the 1st over - 0 runs, 0 hits, 0 errors, 0 left on base; Miami 1 - Cocoa 0 |
TOP OF THE 2ND |
Miami Whales batting - Pitching for Cocoa Flyers : RHP Marty Mason
|
Batting: RHB Steve Benson
|
0-0: Ball 1-0: Foul Ball, location: 2F 1-1: Foul Ball, location: 2F 1-2: Ball 2-2: Fly out, F5 (Popup, 56S, EV 73.1 MPH)
|
Batting: LHB Brad Garnett
|
0-0: Called Strike 0-1: Swinging Strike 0-2: SINGLE (Flyball, 3D, EV 95.6 MPH)
|
Batting: RHB Ramon Cardenas
|
0-0: Ball 1-0: Swinging Strike 1-1: Ball 2-1: SINGLE (Groundball, 4MD, EV 107.5 MPH) Brad Garnett to second
|
Batting: SHB Philip Rossi
|
0-0: Ball 1-0: Called Strike 1-1: Ball 2-1: Fielders Choice at 2nd, 1-6 (Groundball, 34S, EV 66.3 MPH) Brad Garnett to third
|
Batting: RHB Patrick Rubino
|
0-0: Ball Philip Rossi steals 2nd base 1-0: Called Strike 1-1: Foul Ball, location: 2F 1-2: Ball 2-2: Ball 3-2: Foul Ball, location: 2F 3-2: Ground out 6-3 (Groundball, 6, EV 77.5 MPH)
|
Top of the 2nd over - 0 runs, 2 hits, 0 errors, 2 left on base; Miami 1 - Cocoa 0 |
BOTTOM OF THE 2ND |
Cocoa Flyers batting - Pitching for Miami Whales : LHP David Wells
|
Batting: RHB Johnny Salery
|
0-0: Ball 1-0: Ball 2-0: Swinging Strike 2-1: Ball 3-1: Swinging Strike 3-2: Ground out 6-3 (Groundball, 6, EV 88.1 MPH)
|
Batting: LHB Gary Robertson
|
0-0: Ball 1-0: Ball 2-0: Swinging Strike 2-1: Foul Ball, location: 2F 2-2: Fly out, F7 (Flyball, 7S, EV 83.1 MPH)
|
Batting: RHB Miguel Dominguez
|
0-0: DOUBLE (Groundball, 5L, EV 101.3 MPH)
|
Batting: RHB Charles Fick
|
0-0: Swinging Strike 0-1: Swinging Strike 0-2: Strikes out swinging
|
Bottom of the 2nd over - 0 runs, 1 hit, 0 errors, 1 left on base; Miami 1 - Cocoa 0 |
TOP OF THE 3RD |
Miami Whales batting - Pitching for Cocoa Flyers : RHP Marty Mason
|
Batting: SHB Ramon Alcantara
|
0-0: Ball 1-0: Swinging Strike 1-1: Foul Ball, location: 2F 1-2: Ball 2-2: Ball 3-2: Foul Ball, location: 2F 3-2: Foul Ball, location: 2F 3-2: Foul Ball, location: 2F 3-2: Foul Ball, location: 2F 3-2: Strikes out swinging
|
Batting: RHB Donald Hubbard
|
0-0: Called Strike 0-1: Swinging Strike 0-2: Ball 1-2: Fly out, F9 (Flyball, 89D, EV 88.8 MPH)
|
Batting: RHB Tom Grant
|
0-0: Ball 1-0: Swinging Strike 1-1: Ground out 6-3 (Groundball, 6, EV 93.8 MPH)
|
Top of the 3rd over - 0 runs, 0 hits, 0 errors, 0 left on base; Miami 1 - Cocoa 0 |
BOTTOM OF THE 3RD |
Cocoa Flyers batting - Pitching for Miami Whales : LHP David Wells
|
Batting: RHB Rhett Whisman
|
0-0: Ball 1-0: Ground out 5-3 (Groundball, 56S, EV 65.6 MPH)
|
Batting: RHB Jorge Diaz
|
0-0: Ball 1-0: Fly out, F7 (Flyball, 78D, EV 96.3 MPH)
|
Batting: RHB Danny Arroyo
|
0-0: Ball 1-0: Foul Ball, location: 2F 1-1: Ball 2-1: Swinging Strike 2-2: Foul Ball, location: 2F 2-2: Foul Ball, location: 2F 2-2: Ball 3-2: Foul Ball, location: 2F 3-2: Foul Ball, location: 2F 3-2: Strikes out swinging
|
Bottom of the 3rd over - 0 runs, 0 hits, 0 errors, 0 left on base; Miami 1 - Cocoa 0 |
TOP OF THE 4TH |
Miami Whales batting - Pitching for Cocoa Flyers : RHP Marty Mason
|
Batting: LHB Lorenzo Bundy
|
0-0: Called Strike 0-1: Foul Ball, location: 2F 0-2: Ball 1-2: Foul Ball, location: 2F 1-2: Foul Ball, location: 2F 1-2: Ball 2-2: Foul Ball, location: 2F 2-2: Ball 3-2: Ground out 3-1 (Groundball, 34, EV 87.5 MPH)
|
Batting: RHB Steve Benson
|
0-0: Called Strike 0-1: Foul Ball, location: 2F 0-2: Ball 1-2: Foul Ball, location: 2F 1-2: Ball 2-2: Ball 3-2: Foul Ball, location: 2F 3-2: Foul Ball, location: 2F 3-2: Base on Balls
|
Batting: LHB Brad Garnett
|
0-0: Foul Ball, location: 2F 0-1: Ball 1-1: Called Strike Steve Benson steals 2nd base 1-2: Foul Ball, location: 2F 1-2: Ball 2-2: Ball 3-2: Foul Ball, location: 2F 3-2: Fly out, F9 (Flyball, 9, EV 88.1 MPH)
|
Batting: RHB Ramon Cardenas
|
0-0: Ball 1-0: Foul Ball, location: 2F 1-1: Fly out, F6 (Line Drive, 6, EV 66.3 MPH)
|
Top of the 4th over - 0 runs, 0 hits, 0 errors, 1 left on base; Miami 1 - Cocoa 0 |
BOTTOM OF THE 4TH |
Cocoa Flyers batting - Pitching for Miami Whales : LHP David Wells
|
Batting: RHB Lorenzo Quintanilla
|
0-0: Ball 1-0: Fly out, F8 (Flyball, 8RD, EV 110.0 MPH)
|
Batting: RHB Larry McNutt
|
0-0: Ball 1-0: Ball 2-0: Called Strike 2-1: Foul Ball, location: 2F 2-2: Fly out, F8 (Line Drive, 8LM, EV 94.4 MPH)
|
Batting: RHB Johnny Salery
|
0-0: Called Strike 0-1: Called Strike 0-2: Foul Ball, location: 2F 0-2: Ball 1-2: Foul Ball, location: 2F 1-2: Ball 2-2: Ball 3-2: Base on Balls
|
Batting: LHB Gary Robertson
|
0-0: Ball 1-0: Ball 2-0: Ball 3-0: Base on Balls Johnny Salery to second
|
Batting: RHB Miguel Dominguez
|
0-0: Ball 1-0: Ball 2-0: Fly out, F9 (Flyball, 9D, EV 95.0 MPH)
|
Bottom of the 4th over - 0 runs, 0 hits, 0 errors, 2 left on base; Miami 1 - Cocoa 0 |
TOP OF THE 5TH |
Miami Whales batting - Pitching for Cocoa Flyers : RHP Marty Mason
|
Batting: SHB Philip Rossi
|
0-0: Ball 1-0: Ball 2-0: Foul Ball, location: 2F 2-1: Foul Ball, location: 2F 2-2: Ball 3-2: Base on Balls
|
Pitching: RHP Curtis Reade
|
|
Batting: RHB Patrick Rubino
|
0-0: Ball 1-0: Ball 2-0: Called Strike 2-1: Foul Ball, location: 2F 2-2: Foul Ball, location: 2F 2-2: Ball 3-2: Strikes out swinging Philip Rossi steals 2nd base Batter strikes out.
|
Batting: SHB Ramon Alcantara
|
0-0: Fly out, F4 (Popup, 4M, EV 76.9 MPH)
|
Batting: RHB Donald Hubbard
|
0-0: Ball 1-0: Ball 2-0: Foul Ball, location: 2F 2-1: Swinging Strike 2-2: Strikes out swinging
|
Top of the 5th over - 0 runs, 0 hits, 0 errors, 1 left on base; Miami 1 - Cocoa 0 |
BOTTOM OF THE 5TH |
Cocoa Flyers batting - Pitching for Miami Whales : LHP David Wells
|
Batting: RHB Charles Fick
|
0-0: Ball 1-0: Foul Ball, location: 2F 1-1: Foul Ball, location: 2F 1-2: Ball 2-2: Ball 3-2: Base on Balls
|
Batting: RHB Rhett Whisman
|
0-0: Ball 1-0: Ball 2-0: Called Strike 2-1: Ball 3-1: Swinging Strike 3-2: Base on Balls Charles Fick to second
|
Batting: RHB Jorge Diaz
|
0-0: Bunt missed! 0-1: Sac Bunt to 13S - play at first, batter safe! Charles Fick to third Rhett Whisman to second
|
Batting: RHB Danny Arroyo
|
0-0: Ball 1-0: Foul Ball, location: 2F 1-1: Foul Ball, location: 2F 1-2: Fly out, F8 (Flyball, 8RD, EV 101.3 MPH) Runner from 3rd tags up, OUT at HOME! 8-2 Rhett Whisman to third Jorge Diaz to second
|
Batting: RHB Lorenzo Quintanilla
|
0-0: Foul Ball, location: 2F 0-1: Ball 1-1: Fly out, F8 (Line Drive, 8LM, EV 93.8 MPH)
|
Bottom of the 5th over - 0 runs, 1 hit, 0 errors, 2 left on base; Miami 1 - Cocoa 0 |
TOP OF THE 6TH |
Miami Whales batting - Pitching for Cocoa Flyers : RHP Curtis Reade
|
Batting: RHB Tom Grant
|
0-0: Called Strike 0-1: Fly out, F7 (Flyball, 7LS, EV 75.6 MPH)
|
Batting: LHB Lorenzo Bundy
|
0-0: Ball 1-0: Ball 2-0: Swinging Strike 2-1: Ground out 6-3 (Groundball, 6, EV 82.5 MPH)
|
Batting: RHB Steve Benson
|
0-0: Ball 1-0: Ball 2-0: Foul Ball, location: 2F 2-1: Swinging Strike 2-2: Foul Ball, location: 2F 2-2: Foul Ball, location: 2F 2-2: Foul Ball, location: 2F 2-2: Foul Ball, location: 2F 2-2: Ball 3-2: Fly out, F9 (Flyball, 9LS, EV 89.4 MPH)
|
Top of the 6th over - 0 runs, 0 hits, 0 errors, 0 left on base; Miami 1 - Cocoa 0 |
BOTTOM OF THE 6TH |
Cocoa Flyers batting - Pitching for Miami Whales : LHP David Wells
|
Batting: RHB Larry McNutt
|
0-0: Called Strike 0-1: Ground out 6-3 (Groundball, 6, EV 105.0 MPH)
|
Batting: RHB Johnny Salery
|
0-0: Ball 1-0: Called Strike 1-1: Called Strike 1-2: Foul Ball, location: 2F 1-2: Strikes out looking
|
Batting: LHB Gary Robertson
|
0-0: Ball 1-0: Ball 2-0: Foul Ball, location: 2F 2-1: Ball 3-1: Fly out, F8 (Flyball, 8RD, EV 85.0 MPH)
|
Bottom of the 6th over - 0 runs, 0 hits, 0 errors, 0 left on base; Miami 1 - Cocoa 0 |
TOP OF THE 7TH |
Miami Whales batting - Pitching for Cocoa Flyers : RHP Curtis Reade
|
Batting: LHB Brad Garnett
|
0-0: Called Strike 0-1: Foul Ball, location: 2F 0-2: Strikes out swinging
|
Batting: RHB Ramon Cardenas
|
0-0: Ball 1-0: Ball 2-0: Called Strike 2-1: Ball 3-1: Foul Ball, location: 2F 3-2: Base on Balls
|
Pitching: RHP Kenneth Rabun
|
|
Batting: SHB Philip Rossi
|
0-0: Ground out U3 (Groundball, 3, EV 96.3 MPH) Ramon Cardenas to second
|
Batting: RHB Patrick Rubino
|
0-0: Fly out, F8 (Flyball, 78XD, EV 110.0 MPH)
|
Top of the 7th over - 0 runs, 0 hits, 0 errors, 1 left on base; Miami 1 - Cocoa 0 |
BOTTOM OF THE 7TH |
Cocoa Flyers batting - Pitching for Miami Whales : LHP David Wells
|
Batting: RHB Miguel Dominguez
|
0-0: Fly out, F4 (Popup, 4S, EV 70.0 MPH)
|
Batting: RHB Charles Fick
|
0-0: Called Strike 0-1: Ball 1-1: Ball 2-1: Foul Ball, location: 2F 2-2: Ball 3-2: Base on Balls
|
Batting: RHB Rhett Whisman
|
0-0: Ball 1-0: Ball 2-0: Ball 3-0: Called Strike 3-1: Called Strike 3-2: Foul Ball, location: 2F 3-2: Base on Balls Charles Fick to second
|
Batting: RHB Jorge Diaz
|
0-0: Ball 1-0: Ground out 5-3 (Groundball, 56S, EV 70.0 MPH) Charles Fick to third Rhett Whisman to second
|
Batting: RHB Danny Arroyo
|
0-0: Ball 1-0: Foul Ball, location: 2F 1-1: Ground out 5-3 (Groundball, 5L, EV 81.9 MPH)
|
Bottom of the 7th over - 0 runs, 0 hits, 0 errors, 2 left on base; Miami 1 - Cocoa 0 |
TOP OF THE 8TH |
Miami Whales batting - Pitching for Cocoa Flyers : RHP Kenneth Rabun
|
Batting: SHB Ramon Alcantara
|
0-0: Called Strike 0-1: Foul Ball, location: 2F 0-2: Ball 1-2: Foul Ball, location: 2F 1-2: Ground out 4-3 (Groundball, 4, EV 100.6 MPH)
|
Batting: RHB Donald Hubbard
|
0-0: Ground out 4-3 (Groundball, 4, EV 80.6 MPH)
|
Batting: RHB Tom Grant
|
0-0: Ball 1-0: Swinging Strike 1-1: Ball 2-1: Foul Ball, location: 2F 2-2: Ball 3-2: SINGLE (Groundball, 4S, EV 70.0 MPH) (infield hit)
|
Batting: LHB Lorenzo Bundy
|
0-0: Foul Ball, location: 2F 0-1: Ground out 4-3 (Groundball, 4, EV 100.0 MPH)
|
Top of the 8th over - 0 runs, 1 hit, 0 errors, 1 left on base; Miami 1 - Cocoa 0 |
BOTTOM OF THE 8TH |
Cocoa Flyers batting - Pitching for Miami Whales : LHP David Wells
|
Batting: RHB Lorenzo Quintanilla
|
0-0: Ball 1-0: Foul Ball, location: 2F 1-1: Ball 2-1: Ball 3-1: Foul Ball, location: 2F 3-2: Fly out, F8 (Flyball, 8RD, EV 96.9 MPH)
|
Pitching: LHP Wilfredo Flores
|
|
Batting: RHB Larry McNutt
|
0-0: Ball 1-0: Called Strike 1-1: Fly out, F8 (Flyball, 78M, EV 88.1 MPH)
|
Batting: RHB Johnny Salery
|
0-0: Foul Ball, location: 2F 0-1: Fly out, F7 (Flyball, 78M, EV 86.9 MPH)
|
Bottom of the 8th over - 0 runs, 0 hits, 0 errors, 0 left on base; Miami 1 - Cocoa 0 |
TOP OF THE 9TH |
Miami Whales batting - Pitching for Cocoa Flyers : RHP Kenneth Rabun
|
Pitching: RHP Jeffery Vail
|
|
Batting: RHB Steve Benson
|
0-0: Ground out 4-3 (Groundball, 4, EV 104.4 MPH)
|
Batting: LHB Brad Garnett
|
0-0: Ball 1-0: Called Strike 1-1: Swinging Strike 1-2: Ball 2-2: Foul Ball, location: 2F 2-2: Ball 3-2: Base on Balls
|
Batting: RHB Ramon Cardenas
|
0-0: Ball 1-0: Foul Ball, location: 2F 1-1: Ball 2-1: Ball 3-1: Swinging Strike 3-2: Foul Ball, location: 2F 3-2: Fly out, F2 (Popup, 2L, EV 85.0 MPH)
|
Batting: SHB Philip Rossi
|
0-0: Ball 1-0: Ball 2-0: Foul Ball, location: 2F 2-1: Swinging Strike 2-2: Ground out 5-3 (Groundball, 5S, EV 70.0 MPH)
|
Top of the 9th over - 0 runs, 0 hits, 0 errors, 1 left on base; Miami 1 - Cocoa 0 |
BOTTOM OF THE 9TH |
Cocoa Flyers batting - Pitching for Miami Whales : LHP Wilfredo Flores
|
Now at 1B: Alex Dominguez
|
|
Pinch Hitting: RHB David McClure
|
0-0: Ball 1-0: Called Strike 1-1: Called Strike 1-2: Ball 2-2: Ball 3-2: Strikes out looking
|
Batting: RHB Miguel Dominguez
|
0-0: Ground out 4-3 (Groundball, 34, EV 107.5 MPH)
|
Batting: RHB Charles Fick
|
0-0: Foul Ball, location: 2F 0-1: Ball 1-1: Ball 2-1: Foul Ball, location: 2F 2-2: Ball 3-2: Fly out, F6 (Flyball, 5D, EV 84.4 MPH)
|
Bottom of the 9th over - 0 runs, 0 hits, 0 errors, 0 left on base; Miami 1 - Cocoa 0 |
|